 Dungeon Crawl Stone Soup version 0.31-a0-446-g07c4bd200f (console) character file.

Game seed: 16539560604949680856

42 Lexodia the Conjurer (level 3, -1/19 HPs)
             Began as a Tengu Fire Elementalist on Aug 3, 2023.
             Slain by a gnoll
             ... wielding a +0 flail
              (9 damage)
             ... on level 2 of the Dungeon.
             The game lasted 00:02:25 (1206 turns).

Lexodia the Conjurer (Tengu Fire Elementalist)      Turns: 1206, Time: 00:02:25

Health: -1/19      AC:  2    Str:  8    XL:     3   Next: 56%
Magic:  7/7        EV: 12    Int: 17    God:
Gold:   20         SH:  0    Dex: 14    Spells: 0/6 levels left

rFire   . . .        g - +0 mace
rCold   . . .        (no shield)
rNeg    . . .        a - +0 robe
rPois   .            (helmet restricted)
rElec   .            (no cloak)
rCorr   .            (no gloves)
SInv    .            (boots unavailable)
Will    .....        (no amulet)
Stlth   ++           (no ring)
HPRegen 0.23/turn    (no ring)
MPRegen 0.10/turn

%: no passive effects
@: no status effects
A: beak, talons 3
a: no special abilities


You were on level 2 of the Dungeon.
You visited 1 branch of the dungeon, and saw 3 of its levels.

You collected 20 gold pieces.

Inventory:

Hand Weapons
 g - a +0 mace (weapon)
Armour
 a - a +0 robe (worn)
Scrolls
 c - a scroll of fear {unknown}
 e - a scroll of identify {unknown}
 f - 3 scrolls of vulnerability {unknown}
 h - a scroll of silence {unknown}
 i - a scroll of enchant armour {unknown}
Potions
 b - a potion of magic
 d - a potion of attraction {unknown}


   Skills:
 - Level 2.1 Dodging
 - Level 2.0 Stealth
 - Level 2.0 Spellcasting
 + Level 4.5 Conjurations
 - Level 3.2 Fire Magic


You couldn't memorise any spells.
You knew the following spells:

 Your Spells              Type           Power      Damage    Failure   Level
a - Foxfire               Conj/Fire      56%        2x1d6     4%          1
b - Scorch                Fire           24%        2d6       8%          2
c - Volatile Blastmotes   Fire/Tloc      14%        2d11      30%         3

Your spell library contained the following spells:

 Spells                   Type           Power      Damage    Failure   Level
 Inner Flame              Hex/Fire       7%         N/A       30%         3
 Flame Wave               Conj/Fire      14%        2d6       36%         4
 Portal Projectile        Hex/Tloc       2%         N/A       50%         3
 Tukima's Dance           Hex            1%         N/A       50%         3
 Iskenderun's Mystic Bla  Conj/Tloc      9%         2d4       58%         4


Dungeon Overview and Level Annotations

Branches:
Dungeon (3/15)

Altars:

Annotations:
D:2 Sigmund


Innate Abilities, Weirdness & Mutations

You have a beak for a mouth.
You have claws for feet.


Message History

There is a stone staircase leading down here.
You climb downwards.
Level annotation: Sigmund
There is a stone staircase leading up here.
Found a spear.
You see here a +0 spear.
A bat comes into view.
You hit the bat but do no damage. Your kick misses the bat.
The bat barely misses you.
You hit the bat.
You kill the bat!
No target in view!
No target in view!
No target in view!
You conjure some foxfire!
Your foxfire dissipates!
Your foxfire dissipates!
Magic restored.
Unknown command.
Sigmund is nearby!
You can't go up here!
There is a stone staircase leading down here.
There is a stone staircase leading up here.
You climb upwards.
There is a stone staircase leading down here.
There is a stone staircase leading down here.
You climb downwards.
Level annotation: Sigmund
There is a stone staircase leading up here.
You open the door. 4 gnolls come into view.
The gnoll shouts! x4
The gnoll barely misses you.
The gnoll hits you from afar with a +3 halberd!
Ouch! That really hurt!
A quokka comes into view.
You hear a shout!
Huge Dmg: -63%(-12hp) hp: 37%(7hp)
The gnoll attacks as you move away! The gnoll hits you with a +0 flail!
You die...

## ..# . ######.#
.. #>...#.# ...
#....#.##### ....
#....#.....# .....
#..........#......
#...<....@gggg....
#....#.....#......
#.#........# #####
# ##.##....#
#.####### #.# #.#
#..


You could see 4 gnolls.

Vanquished Creatures
  An adder (D:3)
  3 dart slugs (D:1)
  4 ball pythons (D:1)
  A giant cockroach (D:1)
  A goblin (D:1)
  A hobgoblin (D:3)
  4 jackals (D:1)
  3 kobolds
  4 quokkas (D:1)
  A bat (D:2)
  3 frilled lizards (D:1)
26 creatures vanquished.

Vanquished Creatures (others)
  100 foxfires
100 creatures vanquished.

Grand Total: 126 creatures vanquished

Notes
Turn   | Place    | Note
-------+----------+-------------------------------------------
     0 | D:1      | Lexodia the Tengu Fire Elementalist began the quest for the
                  | Orb.
     0 | D:1      | Reached XP level 1. HP: 10/10 MP: 4/4
    55 | D:1      | Huge Dmg: 5 dmg
    56 | D:1      | Reached skill level 2 in Conjurations
   185 | D:1      | Reached XP level 2. HP: 15/15 MP: 1/6
   188 | D:1      | Learned a level 2 spell: Scorch
   343 | D:1      | Reached skill level 3 in Conjurations
   701 | D:1      | Reached XP level 3. HP: 19/19 MP: 2/7
   704 | D:1      | Reached skill level 4 in Conjurations
   937 | D:2      | Noticed Sigmund
   943 | D:2      | Learned a level 3 spell: Volatile Blastmotes
  1205 | D:2      | Huge Dmg: 12 dmg
  1206 | D:2      | Slain by a gnoll

Illustrated notes

Levels and vault maps discovered:
D:1:      dpeg_arrival_orchard, layout_rooms
D:2:      layout_basic, basic_altar, uniq_sigmund
D:3:      layout_rooms, mainiacjoe_overflow_concentric_impassable, uniq_grinder,
          uniq_terence

Skill      XL: |  1  2  3 |
---------------+----------+-----
Conjurations   | 2 3 4 |  4.5
Dodging        | |  2.1
Stealth        | |  2.0
Spellcasting   | |  2.0
Fire Magic     | |  3.2

Action                     || total
---------------------------++-------
  Melee: Unarmed           ||     8
         Kick              ||     4
         Peck              ||     2
         Mace              ||     5
   Cast: Foxfire           ||    55
   Stab: Sleeping          ||     1
 Armour: Robe              ||     1
  Dodge: Dodged            ||     9

Table legend: (Time is in decaauts)
 A = Elapsed time spent in this place.
 B = Non-inter-level travel time spent in this place.
 C = Inter-level travel time spent in this place.
 D = Time resting spent in this place.
 E = Time spent auto-exploring this place.
 F = Levels seen in this place.
 G = Mean time per level.
                   A        B        C        D        E       F      G
               +--------+--------+--------+--------+--------+-----+--------+
         Total |   1210 |   1070 |    140 |     54 |    827 |   3 |  403.3 |
       Dungeon |   1210 |   1070 |    140 |     54 |    827 |   3 |  403.3 |
               +--------+--------+--------+--------+--------+-----+--------+

Top non-repeatable levels by time:
     D:1: 973 daAuts
     D:2: 164 daAuts
     D:3: 71 daAuts
